Crunch vs Thunderbirds
(R1)
Created - June 2, 2022 at 19:00
Goals
|
Crunch |
1 |
3 |
2 |
6 |
Thunderbirds |
1 |
3 |
0 |
4 |
|
Shots
|
Crunch |
7 |
11 |
13 |
31 |
Thunderbirds |
11 |
14 |
9 |
34 |
|
1st period
1. Thunderbirds , Elias Lindholm 29 (Valentin Zykov 48) at 5:35
2. Crunch , Dalton Smith 13 (Roman Josi 1) at 16:35
Penalties :
Kirill Kaprizov (Spr) for Interference (Minor) at 0:09, Jordan Oesterle (Syr) for Holding (Minor) at 10:50, Dylan Strome (Syr) for Boarding (Minor) at 17:07
2nd period
3. Thunderbirds , Viktor Baldayev 1 (Valentin Zykov 49, Elias Lindholm 37) at 4:47
4. Thunderbirds , Niklas Hansson 8 (Griffin Reinhart 52) at 5:33 (PP)
5. Crunch , Dylan Strome 17 (Michael Ferland 17, Anthony Cirelli 25) at 11:39
6. Thunderbirds , Quinton Howden 48 (Jerry D'Amigo 32, Griffin Reinhart 53) at 11:49
7. Crunch , Dylan Strome 18 (Matt Roy 15, Michael Ferland 18) at 13:47
8. Crunch , Dylan Strome 19 (Jeremy Lauzon 16, Matt Roy 16) at 17:27
Penalties :
Jerry D'Amigo (Spr) for Hooking (Minor) at 0:14, Tanner Laczynski (Spr) for Hooking (Minor) at 3:31, Michael Ferland (Syr) for Interference (Minor) at 4:02, Dalton Smith (Syr) for Goalie Interference (Minor) at 9:15, Michael Ferland (Syr) for Holding (Minor) at 14:05, Dalton Smith (Syr) for Holding (Minor) at 17:54
3rd period
9. Crunch , Dalton Smith 14 (Noah Hanifin 48, Denis Gurianov 23) at 18:53
10. Crunch , Jordan Oesterle 9 (Teemu Hartikainen 44, Brock Boeser 57) at 19:43 (Empty Net)
Penalties :
Hudson Fasching (Spr) for Interference (Minor) at 0:59, Jordan Oesterle (Syr) for Holding (Minor) at 3:39, Hudson Fasching (Spr) for Interference (Minor) at 8:57, Valentin Zykov (Spr) for Holding (Minor) at 14:00
Goalie Stats
Kaapo Kahkonen (Syr), 30 saves from 34 shots - (0.882), W, 16-22-5, 60:00 minutes
Carter Hutton (Spr), 25 saves from 30 shots - (0.833), L, 27-15-5, 59:44 minutes
Players Stats for Crunch
Player Name G A P +/- PIM S H SB GA TA FO MP PP MP PK MP
------------------------------------------------------------------------------------
Anatoli Golyshev 0 0 0 0 0 0 0 0 0 0 0/0 3:23 0:00 0:00
Anthony Cirelli 0 1 1 1 0 0 1 0 0 1 0/0 18:18 4:16 3:34
Brock Boeser 0 1 1 0 0 4 1 0 2 0 0/0 24:47 6:09 5:33
Charles-Olivier Roussel 0 0 0 1 0 0 0 1 0 0 0/0 8:27 0:00 1:01
Connor Bunnaman 0 0 0 2 0 1 0 1 0 0 0/7 9:57 0:00 0:00
Dalton Smith 2 0 2 2 4 3 3 0 0 0 0/1 12:37 0:00 2:21
Denis Gurianov 0 1 1 2 0 1 0 0 1 0 0/0 10:29 0:01 0:00
Dylan Strome 3 0 3 2 2 8 2 0 0 0 5/17 14:52 4:16 0:42
Jacob Larsson 0 0 0 1 0 0 0 0 0 1 0/0 5:11 0:00 0:47
Jared Staal 0 0 0 1 0 0 0 0 0 0 1/1 1:46 0:09 0:00
Jayson Megna 0 0 0 -1 0 2 1 0 1 0 18/30 20:58 6:06 3:23
Jeremy Lauzon 0 1 1 1 0 0 0 0 0 1 0/0 9:21 0:00 2:00
Jordan Oesterle 1 0 1 2 4 3 3 0 1 0 0/0 26:58 6:30 4:56
Kyle Capobianco 0 0 0 0 0 0 0 0 0 0 0/0 0:00 0:00 0:00
Matt Roy 0 2 2 -1 0 1 1 0 0 0 0/0 18:40 3:56 4:00
Max McCormick 0 0 0 0 0 0 0 0 0 0 0/0 0:42 0:01 0:00
Michael Downing 0 0 0 1 0 0 0 0 0 0 0/0 4:19 0:00 0:00
Michael Ferland 0 2 2 1 4 2 1 0 1 0 1/1 14:59 4:13 0:29
Mitch Callahan 0 0 0 0 0 0 0 0 0 0 0/0 3:23 0:00 0:00
Noah Hanifin 0 1 1 -1 0 2 0 0 0 4 0/0 18:40 3:56 4:00
Pierre-Luc Dubois 0 0 0 0 0 0 0 0 0 0 1/1 2:54 0:00 2:48
Roman Josi 0 1 1 2 0 1 0 3 1 1 0/0 28:48 6:30 7:10
Teemu Hartikainen 0 1 1 0 0 3 1 1 0 2 6/11 26:59 6:06 5:04
Players Stats for Thunderbirds
Player Name G A P +/- PIM S H SB GA TA FO MP PP MP PK MP
------------------------------------------------------------------------------------
Elias Lindholm 1 1 2 1 0 1 1 0 1 0 7/9 16:15 4:36 2:14
Griffin Reinhart 0 2 2 -2 0 3 1 0 0 2 0/0 27:07 5:59 4:34
Hudson Fasching 0 0 0 -3 4 1 1 0 2 0 0/1 11:36 1:12 2:02
Jake Walman 0 0 0 0 0 1 1 0 0 1 0/0 9:35 1:09 0:00
Jerry D'Amigo 0 1 1 -1 2 4 1 0 0 0 0/1 18:25 6:06 0:00
John Draeger 0 0 0 -1 0 0 1 3 1 0 0/0 23:18 4:49 5:52
Keaton Thompson 0 0 0 0 0 0 0 0 0 0 0/0 8:59 0:33 0:00
Kirill Kaprizov 0 0 0 -1 2 0 1 0 0 1 0/1 20:51 6:09 1:05
Matt Puempel 0 0 0 -3 0 1 0 0 0 0 0/0 9:29 1:12 0:14
Mitchell Heard 0 0 0 -3 0 3 2 0 0 0 7/10 12:47 1:12 3:11
Nicklas Jensen 0 0 0 0 0 1 1 0 2 0 0/1 6:17 0:00 0:00
Niklas Hansson 1 0 1 -2 0 2 2 4 1 1 0/0 29:26 6:35 5:52
Quinton Howden 1 0 1 -1 0 6 2 0 1 0 20/43 25:51 6:09 6:04
Roberts Lipsbergs 0 0 0 0 0 1 0 0 0 0 0/0 6:17 0:00 0:00
Tanner Laczynski 0 0 0 0 2 1 1 0 1 0 3/3 6:19 0:03 0:00
Tom Kuhnhackl 0 0 0 0 0 5 3 0 1 0 0/0 20:00 4:36 6:02
Valentin Zykov 0 2 2 1 2 3 2 0 0 2 0/0 13:53 4:36 0:00
Viktor Baldayev 1 0 1 -1 0 1 0 1 0 0 0/0 21:35 4:49 4:34
3 Stars
1 - Dylan Strome (Syr)
2 - Dalton Smith (Syr)
3 - Elias Lindholm (Spr)
Power Play
Crunch - 0 on 6 Attempt(s) - 0.00%
Thunderbirds - 1 on 7 Attempt(s) - 14.29%
Penalty Kill
Crunch - 6 on 7 Attempt(s) - 85.71%
- Score 0 goal in Penalty Kill
Thunderbirds - 6 on 6 Attempt(s) - 100.00%
- Score 0 goal in Penalty Kill
Team Stat
Crunch - Hits : 14 - Faceoff Wins : 32 - Blocked Shots : 6 - Penalty Minutes : 14
Thunderbirds - Hits : 20 - Faceoff Wins : 37 - Blocked Shots : 8 - Penalty Minutes : 12
Official
Referees : Conor O'Donnell and Brandon Schrader
Linesman : James Tobias and Tony Sericolo
Game Notes
Dylan Strome has scored a Hat Trick!
Jordan Oesterle has scored in a empty net!
Finance
Level 1 -- Attendance: 1805 (90.25%) -- Ticket Income $63,175
Level 2 -- Attendance: 931 (93.10%) -- Ticket Income $13,965
Total Attendance: 2736 (91.20%)
Total Ticket Income: $77,140
Other Income: $3,857
Total Income: $80,997
Crunch
5 vs 5 Forward
Center Left Wing Right Wing Time % Phy DF OF
1 Jayson Megna Teemu Hartikainen Brock Boeser 40 1 2 2
2 Dylan Strome Michael Ferland Anthony Cirelli 30 1 2 2
3 Connor Bunnaman Dalton Smith Denis Gurianov 20 1 2 2
4 Teemu Hartikainen Anatoli Golyshev Mitch Callahan 10 1 2 2
5 vs 5 Defense
Defense Defense Time % Phy DF OF
1 Roman Josi Jordan Oesterle 40 1 2 2
2 Noah Hanifin Matt Roy 30 1 2 2
3 Jeremy Lauzon Charles-Olivier Roussel 20 1 2 2
4 Jacob Larsson Michael Downing 10 1 2 2
PowerPlay Forward
Center Left Wing Right Wing Time % Phy DF OF
1 Jayson Megna Teemu Hartikainen Brock Boeser 60 1 2 2
2 Dylan Strome Michael Ferland Anthony Cirelli 40 1 2 2
PowerPlay Defense
Defense Defense Time % Phy DF OF
1 Roman Josi Jordan Oesterle 60 1 2 2
2 Noah Hanifin Matt Roy 40 1 2 2
Penalty Kill 4 Players Forward
Center Wing Time % Phy DF OF
1 Teemu Hartikainen Brock Boeser 60 1 2 2
2 Jayson Megna Anthony Cirelli 40 1 2 2
Penalty Kill 4 Players Defense
Defense Defense Time % Phy DF OF
1 Roman Josi Jordan Oesterle 60 1 2 2
2 Noah Hanifin Matt Roy 40 1 2 2
Penalty Kill - 3 Players Forward
Forward Time % Phy DF OF
1 Teemu Hartikainen 60 1 2 2
2 Brock Boeser 40 1 2 2
Penalty Kill - 3 Players Defense
Defense Defense Time % Phy DF OF
1 Roman Josi Jordan Oesterle 60 1 2 2
2 Noah Hanifin Matt Roy 40 1 2 2
4 vs 4 Forward
Center Wing Time % Phy DF OF
1 Teemu Hartikainen Brock Boeser 60 1 2 2
2 Jayson Megna Anthony Cirelli 40 1 2 2
4 vs 4 Defense
Defense Defense Time % Phy DF OF
1 Roman Josi Jordan Oesterle 60 1 2 2
2 Noah Hanifin Matt Roy 40 1 2 2
Last Minutes Offensive
Center Left Wing Right Wing Defense Defense
Jayson Megna Teemu Hartikainen Brock Boeser Roman Josi Jordan Oesterle
Last Minutes Defensive
Center Left Wing Right Wing Defense Defense
Jayson Megna Teemu Hartikainen Brock Boeser Roman Josi Jordan Oesterle
Goaltenders
Starting : Kaapo Kahkonen
Backup : Josef Korenar
Extra Forwards
Normal : Jared Staal, Max McCormick, Pierre-Luc Dubois - PP : Jared Staal, Max McCormick - PK : Pierre-Luc Dubois
Extra Defensemen
Normal : Kyle Capobianco, Jeremy Lauzon, Charles-Olivier Roussel - PP : Kyle Capobianco - PK : Jeremy Lauzon, Charles-Olivier Roussel
Penalty Shots
Teemu Hartikainen, Brock Boeser, Jayson Megna, Anthony Cirelli, Michael Ferland
Scratches
Christoffer Ehn (Bruised Right Shoulder Injury), Sean Walker (Upper Body Injury)
Thunderbirds
5 vs 5 Forward
Center Left Wing Right Wing Time % Phy DF OF
1 Quinton Howden Kirill Kaprizov Jerry D'Amigo 40 0 2 3
2 Elias Lindholm Valentin Zykov Tom Kuhnhackl 30 0 2 3
3 Mitchell Heard Matt Puempel Hudson Fasching 20 1 2 2
4 Tanner Laczynski Roberts Lipsbergs Nicklas Jensen 10 0 2 3
5 vs 5 Defense
Defense Defense Time % Phy DF OF
1 Griffin Reinhart Niklas Hansson 40 0 2 3
2 Viktor Baldayev John Draeger 30 0 2 3
3 Keaton Thompson Jake Walman 20 1 2 2
4 Griffin Reinhart Niklas Hansson 10 0 2 3
PowerPlay Forward
Center Left Wing Right Wing Time % Phy DF OF
1 Quinton Howden Kirill Kaprizov Jerry D'Amigo 60 0 1 4
2 Elias Lindholm Valentin Zykov Tom Kuhnhackl 40 0 1 4
PowerPlay Defense
Defense Defense Time % Phy DF OF
1 Griffin Reinhart Niklas Hansson 60 0 2 3
2 Viktor Baldayev John Draeger 40 0 2 3
Penalty Kill 4 Players Forward
Center Wing Time % Phy DF OF
1 Quinton Howden Tom Kuhnhackl 60 1 3 1
2 Mitchell Heard Hudson Fasching 40 1 3 1
Penalty Kill 4 Players Defense
Defense Defense Time % Phy DF OF
1 Niklas Hansson John Draeger 60 1 4 0
2 Griffin Reinhart Viktor Baldayev 40 1 4 0
Penalty Kill - 3 Players Forward
Forward Time % Phy DF OF
1 Quinton Howden 60 1 3 1
2 Mitchell Heard 40 1 3 1
Penalty Kill - 3 Players Defense
Defense Defense Time % Phy DF OF
1 Niklas Hansson John Draeger 60 1 4 0
2 Griffin Reinhart Viktor Baldayev 40 1 4 0
4 vs 4 Forward
Center Wing Time % Phy DF OF
1 Quinton Howden Kirill Kaprizov 60 0 2 3
2 Elias Lindholm Valentin Zykov 40 0 2 3
4 vs 4 Defense
Defense Defense Time % Phy DF OF
1 Griffin Reinhart Niklas Hansson 60 0 2 3
2 Viktor Baldayev John Draeger 40 0 2 3
Last Minutes Offensive
Center Left Wing Right Wing Defense Defense
Quinton Howden Kirill Kaprizov Jerry D'Amigo Griffin Reinhart Niklas Hansson
Last Minutes Defensive
Center Left Wing Right Wing Defense Defense
Quinton Howden Kirill Kaprizov Tom Kuhnhackl Niklas Hansson John Draeger
Goaltenders
Starting : Carter Hutton
Backup : Igor Bobkov
Extra Forwards
Normal : Elias Lindholm, Kirill Kaprizov, Quinton Howden - PP : Elias Lindholm, Kirill Kaprizov - PK : Elias Lindholm
Extra Defensemen
Normal : John Draeger, Niklas Hansson, Griffin Reinhart - PP : Viktor Baldayev - PK : Griffin Reinhart, Niklas Hansson
Penalty Shots
Tanner Laczynski, Tom Kuhnhackl, Quinton Howden, Elias Lindholm, Kirill Kaprizov
Scratches
Austin Poganski (Healthy), Connor Honey (Healthy), Dmytro Timashov (Healthy), Kyle Platzer (Healthy), Lukas Vejdemo (Healthy)
Michael McCarron (Healthy), Michal Jordan (Abdominal Strain Injury), Nelson Nogier (Healthy), Nick Merkley (Healthy), Calvin Thurkauf (Healthy)
Artur Kayumov (Healthy), Niklas Treutle (Healthy), Artyom Zagidulin (Healthy)
% Time on Ice - Crunch
Lines # - Real PCT - Wanted PCT - Time Play
Normal Forward
1 - 33% - 40% - 11:39
2 - 29% - 30% - 10:20
3 - 28% - 20% - 9:57
4 - 10% - 10% - 3:23
Normal Defense
1 - 38% - 40% - 13:20
2 - 29% - 30% - 10:19
3 - 21% - 20% - 7:21
4 - 12% - 10% - 4:19
PP Forward
1 - 59% - 60% - 6:10
2 - 41% - 40% - 4:16
PP Defense
1 - 62% - 60% - 6:30
2 - 38% - 40% - 3:56
PK Forward
1 - 70% - 60% - 8:23
2 - 30% - 40% - 3:34
PK Defense
1 - 67% - 60% - 7:57
2 - 33% - 40% - 4:00
PK3 Forward
1 - 0% - 60%
2 - 0% - 40%
PK3 Defense
1 - 0% - 60%
2 - 0% - 40%
44 Forward
1 - 83% - 60% - 1:13
2 - 17% - 40% - 0:15
44 Defense
1 - 72% - 60% - 1:03
2 - 28% - 40% - 0:25
Last Minute Offensive - 0:00
Last Minute Defensive - 0:50
Total
Forward - 60:00
Defense - 60:00
|
% Time on Ice - Thunderbirds
Lines # - Real PCT - Wanted PCT - Time Play
Normal Forward
1 - 33% - 40% - 11:49
2 - 27% - 30% - 9:26
3 - 22% - 20% - 7:47
4 - 18% - 10% - 6:17
Normal Defense
1 - 42% - 40% - 14:45
2 - 34% - 30% - 12:08
3 - 24% - 20% - 8:26
4 - 0% - 10% - 0:00
PP Forward
1 - 62% - 60% - 7:21
2 - 38% - 40% - 4:36
PP Defense
1 - 60% - 60% - 7:08
2 - 40% - 40% - 4:49
PK Forward
1 - 69% - 60% - 7:15
2 - 31% - 40% - 3:11
PK Defense
1 - 56% - 60% - 5:52
2 - 44% - 40% - 4:34
PK3 Forward
1 - 0% - 60%
2 - 0% - 40%
PK3 Defense
1 - 0% - 60%
2 - 0% - 40%
44 Forward
1 - 89% - 60% - 1:18
2 - 11% - 40% - 0:10
44 Defense
1 - 95% - 60% - 1:24
2 - 5% - 40% - 0:04
Last Minute Offensive - 0:50
Last Minute Defensive - 0:00
Total
Forward - 60:00
Defense - 60:00
|
Play-by-Play
1st period
0:01 of 1st period - Jayson Megna wins face-off versus Quinton Howden in neutral zone.
0:06 of 1st period - Wrist shot by Teemu Hartikainen.
0:06 of 1st period - Stopped by Carter Hutton without a rebound.
0:07 of 1st period - Quinton Howden wins face-off versus Jayson Megna in Thunderbirds zone.
0:09 of 1st period - Minor Penalty to Kirill Kaprizov for Interference.
0:10 of 1st period - Quinton Howden wins face-off versus Jayson Megna in Thunderbirds zone.
0:51 of 1st period - Snap shot by Tom Kuhnhackl.
0:51 of 1st period - Stopped by Kaapo Kahkonen with a rebound.
1:03 of 1st period - Roman Josi is hit by Mitchell Heard and loses puck.
2:09 of 1st period - Penalty to Kirill Kaprizov is over, Kirill Kaprizov is back on ice.
2:34 of 1st period - Max McCormick is hit by Jake Walman and loses puck.
2:55 of 1st period - Jeremy Lauzon is hit by Niklas Hansson and loses puck.
3:25 of 1st period - Icing by John Draeger.
3:26 of 1st period - Tanner Laczynski wins face-off versus Dylan Strome in Thunderbirds zone.
3:40 of 1st period - Icing by Dylan Strome.
3:41 of 1st period - Elias Lindholm wins face-off versus Dylan Strome in Crunch zone.
4:00 of 1st period - Wrist shot by Dylan Strome.
4:00 of 1st period - Stopped by Carter Hutton without a rebound.
4:01 of 1st period - Quinton Howden wins face-off versus Jayson Megna in Thunderbirds zone.
4:12 of 1st period - Icing by Teemu Hartikainen.
4:13 of 1st period - Jayson Megna wins face-off versus Quinton Howden in Crunch zone.
4:17 of 1st period - Off-side.
4:18 of 1st period - Quinton Howden wins face-off versus Jayson Megna in neutral zone.
5:02 of 1st period - Wrist shot by Quinton Howden.
5:02 of 1st period - Stopped by Kaapo Kahkonen with a rebound.
5:04 of 1st period - Wrist shot by Quinton Howden.
5:04 of 1st period - Shot Misses the Net.
5:20 of 1st period - Backhand shot by Dalton Smith.
5:20 of 1st period - Deflect By Denis Gurianov.
5:20 of 1st period - Shot Misses the Net.
5:20 of 1st period - Puck is out of play.
5:21 of 1st period - Elias Lindholm wins face-off versus Jayson Megna in Thunderbirds zone.
5:25 of 1st period - Off-side.
5:26 of 1st period - Jayson Megna wins face-off versus Elias Lindholm in neutral zone.
5:35 of 1st period - Wrist shot by Elias Lindholm.
5:35 of 1st period - Goal by Elias Lindholm - Crunch : 0 - Thunderbirds : 1.
5:36 of 1st period - Mitchell Heard wins face-off versus Dylan Strome in neutral zone.
6:01 of 1st period - Teemu Hartikainen is hit by Tom Kuhnhackl and loses puck.
6:08 of 1st period - Snap shot by Valentin Zykov.
6:08 of 1st period - Stopped by Kaapo Kahkonen without a rebound.
6:09 of 1st period - Elias Lindholm wins face-off versus Dylan Strome in Crunch zone.
6:12 of 1st period - Wrist shot by Tom Kuhnhackl.
6:12 of 1st period - Stopped by Kaapo Kahkonen with a rebound.
6:36 of 1st period - Griffin Reinhart is hit by Dalton Smith and loses puck.
6:45 of 1st period - Snap shot by Mitchell Heard.
6:45 of 1st period - Stopped by Kaapo Kahkonen with a rebound.
6:59 of 1st period - Wrist shot by Jayson Megna.
6:59 of 1st period - Stopped by Carter Hutton with a rebound.
7:18 of 1st period - Wrist shot by Nicklas Jensen.
7:18 of 1st period - Deflect By Roberts Lipsbergs.
7:18 of 1st period - Stopped by Kaapo Kahkonen with a rebound.
7:24 of 1st period - Snap shot by Tanner Laczynski.
7:24 of 1st period - Shot Misses the Net.
7:26 of 1st period - Slapshot by Jake Walman.
7:26 of 1st period - Stopped by Kaapo Kahkonen with a rebound.
7:38 of 1st period - Wrist shot by Tom Kuhnhackl.
7:38 of 1st period - Shot Misses the Net.
8:48 of 1st period - Snap shot by Brock Boeser.
8:48 of 1st period - Stopped by Carter Hutton with a rebound.
8:50 of 1st period - Wrist shot by Brock Boeser.
8:50 of 1st period - Shot Blocked by John Draeger.
9:20 of 1st period - Snap shot by Jayson Megna.
9:20 of 1st period - Shot Misses the Net.
10:02 of 1st period - Off-side.
10:03 of 1st period - Quinton Howden wins face-off versus Dylan Strome in neutral zone.
10:03 of 1st period - Kirill Kaprizov is hit by Jordan Oesterle.
10:40 of 1st period - Backhand shot by Mitchell Heard.
10:40 of 1st period - Deflect By Matt Puempel.
10:40 of 1st period - Stopped by Kaapo Kahkonen with a rebound.
10:42 of 1st period - Slapshot by Keaton Thompson.
10:42 of 1st period - Shot Blocked by Roman Josi.
10:44 of 1st period - Slapshot by Keaton Thompson.
10:44 of 1st period - Shot Misses the Net.
10:50 of 1st period - Minor Penalty to Jordan Oesterle for Holding.
10:51 of 1st period - Pierre-Luc Dubois wins face-off versus Kirill Kaprizov in Crunch zone.
11:40 of 1st period - Backhand shot by Mitchell Heard.
11:40 of 1st period - Stopped by Kaapo Kahkonen with a rebound.
11:44 of 1st period - Slapshot by Griffin Reinhart.
11:44 of 1st period - Stopped by Kaapo Kahkonen without a rebound.
11:45 of 1st period - Dylan Strome wins face-off versus Mitchell Heard in Crunch zone.
11:54 of 1st period - Brock Boeser is hit by Hudson Fasching and loses puck.
12:09 of 1st period - Snap shot by Hudson Fasching.
12:09 of 1st period - Shot Misses the Net.
12:11 of 1st period - Slapshot by John Draeger.
12:11 of 1st period - Shot Blocked by Roman Josi.
12:23 of 1st period - Anthony Cirelli is hit by Mitchell Heard and loses puck.
12:46 of 1st period - Off-side.
12:47 of 1st period - Jayson Megna wins face-off versus Quinton Howden in neutral zone.
12:50 of 1st period - Penalty to Jordan Oesterle is over, Jordan Oesterle is back on ice.
12:50 of 1st period - John Draeger is hit by Jordan Oesterle.
13:18 of 1st period - Wrist shot by Dalton Smith.
13:18 of 1st period - Shot Misses the Net.
13:34 of 1st period - John Draeger is hit by Dylan Strome and loses puck.
14:22 of 1st period - Wrist shot by Denis Gurianov.
14:22 of 1st period - Stopped by Carter Hutton with a rebound.
14:25 of 1st period - Icing by Quinton Howden.
14:26 of 1st period - Dylan Strome wins face-off versus Quinton Howden in Thunderbirds zone.
14:45 of 1st period - Wrist shot by Jerry D'Amigo.
14:45 of 1st period - Deflect By Kirill Kaprizov.
14:45 of 1st period - Shot Misses the Net.
14:45 of 1st period - Puck is out of play.
14:46 of 1st period - Mitchell Heard wins face-off versus Teemu Hartikainen in Crunch zone.
14:51 of 1st period - Slapshot by Griffin Reinhart.
14:51 of 1st period - Shot Blocked by Teemu Hartikainen.
14:53 of 1st period - Wrist shot by Niklas Hansson.
14:53 of 1st period - Shot Misses the Net.
15:11 of 1st period - Anthony Cirelli is hit by Quinton Howden and loses puck.
15:50 of 1st period - Snap shot by Denis Gurianov.
15:50 of 1st period - Shot Misses the Net.
16:33 of 1st period - Slapshot by Dalton Smith.
16:33 of 1st period - Shot Misses the Net.
16:35 of 1st period - Snap shot by Dalton Smith.
16:35 of 1st period - Goal by Dalton Smith - Crunch : 1 - Thunderbirds : 1.
16:36 of 1st period - Jayson Megna wins face-off versus Quinton Howden in neutral zone.
17:07 of 1st period - Minor Penalty to Dylan Strome for Boarding.
17:08 of 1st period - Quinton Howden wins face-off versus Teemu Hartikainen in Crunch zone.
17:18 of 1st period - Off-side.
17:19 of 1st period - Quinton Howden wins face-off versus Teemu Hartikainen in neutral zone.
17:22 of 1st period - Slapshot by Griffin Reinhart.
17:22 of 1st period - Shot Misses the Net.
18:18 of 1st period - Jayson Megna is hit by Jerry D'Amigo and loses puck.
19:01 of 1st period - Jerry D'Amigo is hit by Dalton Smith and loses puck.
19:07 of 1st period - Penalty to Dylan Strome is over, Dylan Strome is back on ice.
19:16 of 1st period - Snap shot by Michael Ferland.
19:16 of 1st period - Stopped by Carter Hutton with a rebound.
19:18 of 1st period - Snap shot by Dylan Strome.
19:18 of 1st period - Shot Blocked by John Draeger.
19:33 of 1st period - Icing by Connor Bunnaman.
19:34 of 1st period - Tanner Laczynski wins face-off versus Connor Bunnaman in Crunch zone.
Goals for this period are 1 for Crunch vs 1 for Thunderbirds.
Shots for this period are 7 for Crunch vs 11 for Thunderbirds.
2nd period
0:01 of 2nd period - Quinton Howden wins face-off versus Jayson Megna in neutral zone.
0:14 of 2nd period - Minor Penalty to Jerry D'Amigo for Hooking.
0:15 of 2nd period - Quinton Howden wins face-off versus Jayson Megna in Thunderbirds zone.
0:27 of 2nd period - Jordan Oesterle is hit by John Draeger and loses puck.
1:11 of 2nd period - Viktor Baldayev is hit by Matt Roy and loses puck.
1:50 of 2nd period - Jordan Oesterle is hit by Elias Lindholm and loses puck.
2:14 of 2nd period - Penalty to Jerry D'Amigo is over, Jerry D'Amigo is back on ice.
2:22 of 2nd period - Snap shot by Tom Kuhnhackl.
2:22 of 2nd period - Shot Misses the Net.
2:24 of 2nd period - Wrist shot by Tom Kuhnhackl.
2:24 of 2nd period - Shot Misses the Net.
2:26 of 2nd period - Wrist shot by Tom Kuhnhackl.
2:26 of 2nd period - Stopped by Kaapo Kahkonen with a rebound.
2:28 of 2nd period - Snap shot by Jerry D'Amigo.
2:28 of 2nd period - Stopped by Kaapo Kahkonen with a rebound.
2:30 of 2nd period - Slapshot by Griffin Reinhart.
2:30 of 2nd period - Stopped by Kaapo Kahkonen without a rebound.
2:31 of 2nd period - Mitchell Heard wins face-off versus Connor Bunnaman in Crunch zone.
2:33 of 2nd period - Icing by Jeremy Lauzon.
2:34 of 2nd period - Mitchell Heard wins face-off versus Connor Bunnaman in Crunch zone.
2:59 of 2nd period - Wrist shot by Jerry D'Amigo.
2:59 of 2nd period - Stopped by Kaapo Kahkonen with a rebound.
3:01 of 2nd period - Slapshot by Jake Walman.
3:01 of 2nd period - Shot Misses the Net.
3:15 of 2nd period - Snap shot by Tanner Laczynski.
3:15 of 2nd period - Stopped by Kaapo Kahkonen without a rebound.
3:16 of 2nd period - Dylan Strome wins face-off versus Nicklas Jensen in Crunch zone.
3:31 of 2nd period - Minor Penalty to Tanner Laczynski for Hooking.
3:32 of 2nd period - Jayson Megna wins face-off versus Quinton Howden in Thunderbirds zone.
3:32 of 2nd period - Snap shot by Teemu Hartikainen.
3:32 of 2nd period - Stopped by Carter Hutton with a rebound.
3:34 of 2nd period - Snap shot by Teemu Hartikainen.
3:34 of 2nd period - Shot Misses the Net.
3:36 of 2nd period - Wrist shot by Jayson Megna.
3:36 of 2nd period - Deflect By Teemu Hartikainen.
3:36 of 2nd period - Stopped by Carter Hutton without a rebound.
3:37 of 2nd period - Quinton Howden wins face-off versus Jayson Megna in Thunderbirds zone.
4:02 of 2nd period - Minor Penalty to Michael Ferland for Interference.
4:03 of 2nd period - Quinton Howden wins face-off versus Teemu Hartikainen in Crunch zone.
4:43 of 2nd period - Slapshot by Griffin Reinhart.
4:43 of 2nd period - Deflect By Anthony Cirelli.
4:43 of 2nd period - Stopped by Kaapo Kahkonen without a rebound.
4:44 of 2nd period - Elias Lindholm wins face-off versus Jayson Megna in Crunch zone.
4:45 of 2nd period - Snap shot by Valentin Zykov.
4:45 of 2nd period - Stopped by Kaapo Kahkonen with a rebound.
4:47 of 2nd period - Slapshot by Viktor Baldayev.
4:47 of 2nd period - Goal by Viktor Baldayev - Crunch : 1 - Thunderbirds : 2.
4:48 of 2nd period - Teemu Hartikainen wins face-off versus Quinton Howden in neutral zone.
5:23 of 2nd period - Icing by Niklas Hansson.
5:24 of 2nd period - Jayson Megna wins face-off versus Quinton Howden in Thunderbirds zone.
5:31 of 2nd period - Penalty to Tanner Laczynski is over, Tanner Laczynski is back on ice.
5:33 of 2nd period - Slapshot by Niklas Hansson.
5:33 of 2nd period - Goal by Niklas Hansson - Crunch : 1 - Thunderbirds : 3.
5:34 of 2nd period - Quinton Howden wins face-off versus Jayson Megna in neutral zone.
5:43 of 2nd period - Wrist shot by Quinton Howden.
5:43 of 2nd period - Stopped by Kaapo Kahkonen with a rebound.
5:59 of 2nd period - Tom Kuhnhackl is hit by Anthony Cirelli and loses puck.
7:02 of 2nd period - Griffin Reinhart is hit by Dylan Strome and loses puck.
9:15 of 2nd period - Minor Penalty to Dalton Smith for Goalie Interference.
9:16 of 2nd period - Teemu Hartikainen wins face-off versus Quinton Howden in Crunch zone.
9:22 of 2nd period - Snap shot by Brock Boeser.
9:22 of 2nd period - Stopped by Carter Hutton with a rebound.
10:42 of 2nd period - Slapshot by Noah Hanifin.
10:42 of 2nd period - Stopped by Carter Hutton without a rebound.
10:43 of 2nd period - Jayson Megna wins face-off versus Quinton Howden in Thunderbirds zone.
11:02 of 2nd period - Roman Josi is hit by Valentin Zykov and loses puck.
11:15 of 2nd period - Penalty to Dalton Smith is over, Dalton Smith is back on ice.
11:39 of 2nd period - Snap shot by Dylan Strome.
11:39 of 2nd period - Goal by Dylan Strome - Crunch : 2 - Thunderbirds : 3.
11:40 of 2nd period - Quinton Howden wins face-off versus Dylan Strome in neutral zone.
11:49 of 2nd period - Wrist shot by Quinton Howden.
11:49 of 2nd period - Goal by Quinton Howden - Crunch : 2 - Thunderbirds : 4.
11:50 of 2nd period - Jayson Megna wins face-off versus Quinton Howden in neutral zone.
11:59 of 2nd period - Wrist shot by Quinton Howden.
11:59 of 2nd period - Stopped by Kaapo Kahkonen without a rebound.
12:00 of 2nd period - Quinton Howden wins face-off versus Jayson Megna in Crunch zone.
12:35 of 2nd period - Snap shot by Teemu Hartikainen.
12:35 of 2nd period - Deflect By Jayson Megna.
12:35 of 2nd period - Stopped by Carter Hutton with a rebound.
12:47 of 2nd period - Jerry D'Amigo is hit by Brock Boeser and loses puck.
12:57 of 2nd period - Off-side.
12:58 of 2nd period - Elias Lindholm wins face-off versus Dylan Strome in neutral zone.
13:11 of 2nd period - Wrist shot by Tom Kuhnhackl.
13:11 of 2nd period - Stopped by Kaapo Kahkonen without a rebound.
13:12 of 2nd period - Elias Lindholm wins face-off versus Dylan Strome in Crunch zone.
13:21 of 2nd period - Snap shot by Dylan Strome.
13:21 of 2nd period - Stopped by Carter Hutton without a rebound.
13:22 of 2nd period - Elias Lindholm wins face-off versus Dylan Strome in Thunderbirds zone.
13:43 of 2nd period - Snap shot by Dylan Strome.
13:43 of 2nd period - Deflect By Tom Kuhnhackl.
13:43 of 2nd period - Stopped by Carter Hutton with a rebound.
13:45 of 2nd period - Slapshot by Matt Roy.
13:45 of 2nd period - Stopped by Carter Hutton with a rebound.
13:47 of 2nd period - Snap shot by Dylan Strome.
13:47 of 2nd period - Goal by Dylan Strome - Crunch : 3 - Thunderbirds : 4.
13:48 of 2nd period - Jayson Megna wins face-off versus Quinton Howden in neutral zone.
14:02 of 2nd period - Snap shot by Jerry D'Amigo.
14:02 of 2nd period - Stopped by Kaapo Kahkonen without a rebound.
14:03 of 2nd period - Dylan Strome wins face-off versus Elias Lindholm in Crunch zone.
14:05 of 2nd period - Minor Penalty to Michael Ferland for Holding.
14:06 of 2nd period - Teemu Hartikainen wins face-off versus Quinton Howden in Crunch zone.
14:14 of 2nd period - Brock Boeser is hit by Quinton Howden and loses puck.
16:05 of 2nd period - Penalty to Michael Ferland is over, Michael Ferland is back on ice.
17:02 of 2nd period - Griffin Reinhart is hit by Dalton Smith.
17:25 of 2nd period - Snap shot by Dylan Strome.
17:25 of 2nd period - Shot Blocked by Niklas Hansson.
17:27 of 2nd period - Snap shot by Dylan Strome.
17:27 of 2nd period - Goal by Dylan Strome - Crunch : 4 - Thunderbirds : 4.
17:28 of 2nd period - Quinton Howden wins face-off versus Connor Bunnaman in neutral zone.
17:54 of 2nd period - Minor Penalty to Dalton Smith for Holding.
17:55 of 2nd period - Teemu Hartikainen wins face-off versus Quinton Howden in Crunch zone.
18:20 of 2nd period - Teemu Hartikainen is hit by Tom Kuhnhackl and loses puck.
18:29 of 2nd period - Snap shot by Tom Kuhnhackl.
18:29 of 2nd period - Deflect By Elias Lindholm.
18:29 of 2nd period - Shot Misses the Net.
18:29 of 2nd period - Puck is out of play.
18:30 of 2nd period - Jayson Megna wins face-off versus Quinton Howden in Crunch zone.
19:54 of 2nd period - Penalty to Dalton Smith is over, Dalton Smith is back on ice.
Goals for this period are 3 for Crunch vs 3 for Thunderbirds.
Shots for this period are 11 for Crunch vs 14 for Thunderbirds.
3rd period
0:01 of 3rd period - Jayson Megna wins face-off versus Quinton Howden in neutral zone.
0:04 of 3rd period - Wrist shot by Brock Boeser.
0:04 of 3rd period - Stopped by Carter Hutton with a rebound.
0:59 of 3rd period - Minor Penalty to Hudson Fasching for Interference.
1:00 of 3rd period - Jayson Megna wins face-off versus Quinton Howden in Thunderbirds zone.
1:00 of 3rd period - Wrist shot by Teemu Hartikainen.
1:00 of 3rd period - Shot Misses the Net.
1:02 of 3rd period - Slapshot by Jordan Oesterle.
1:02 of 3rd period - Deflect By John Draeger.
1:02 of 3rd period - Stopped by Carter Hutton without a rebound.
1:03 of 3rd period - Jayson Megna wins face-off versus Quinton Howden in Thunderbirds zone.
1:16 of 3rd period - Wrist shot by Quinton Howden.
1:16 of 3rd period - Stopped by Kaapo Kahkonen with a rebound.
1:18 of 3rd period - Snap shot by Tom Kuhnhackl.
1:18 of 3rd period - Stopped by Kaapo Kahkonen without a rebound.
1:19 of 3rd period - Jayson Megna wins face-off versus Quinton Howden in Crunch zone.
1:26 of 3rd period - Wrist shot by Brock Boeser.
1:26 of 3rd period - Stopped by Carter Hutton without a rebound.
1:27 of 3rd period - Jayson Megna wins face-off versus Quinton Howden in Thunderbirds zone.
1:52 of 3rd period - Slapshot by Jordan Oesterle.
1:52 of 3rd period - Stopped by Carter Hutton without a rebound.
1:53 of 3rd period - Quinton Howden wins face-off versus Dylan Strome in Thunderbirds zone.
2:44 of 3rd period - Quinton Howden is hit by Jayson Megna and loses puck.
2:56 of 3rd period - Off-side.
2:57 of 3rd period - Michael Ferland wins face-off versus Mitchell Heard in neutral zone.
2:59 of 3rd period - Penalty to Hudson Fasching is over, Hudson Fasching is back on ice.
3:00 of 3rd period - Niklas Hansson is hit by Michael Ferland and loses puck.
3:05 of 3rd period - Snap shot by Dylan Strome.
3:05 of 3rd period - Deflect By Michael Ferland.
3:05 of 3rd period - Shot Misses the Net.
3:05 of 3rd period - Puck is out of play.
3:06 of 3rd period - Dylan Strome wins face-off versus Hudson Fasching in Thunderbirds zone.
3:07 of 3rd period - Snap shot by Michael Ferland.
3:07 of 3rd period - Shot Misses the Net.
3:09 of 3rd period - Slapshot by Roman Josi.
3:09 of 3rd period - Stopped by Carter Hutton with a rebound.
3:11 of 3rd period - Wrist shot by Dylan Strome.
3:11 of 3rd period - Stopped by Carter Hutton with a rebound.
3:17 of 3rd period - Slapshot by Anthony Cirelli.
3:17 of 3rd period - Deflect By Michael Ferland.
3:17 of 3rd period - Shot Misses the Net.
3:17 of 3rd period - Puck is out of play.
3:18 of 3rd period - Jayson Megna wins face-off versus Quinton Howden in Thunderbirds zone.
3:39 of 3rd period - Minor Penalty to Jordan Oesterle for Holding.
3:40 of 3rd period - Quinton Howden wins face-off versus Teemu Hartikainen in Crunch zone.
3:45 of 3rd period - Snap shot by Quinton Howden.
3:45 of 3rd period - Stopped by Kaapo Kahkonen with a rebound.
3:47 of 3rd period - Snap shot by Jerry D'Amigo.
3:47 of 3rd period - Shot Blocked by Roman Josi.
3:49 of 3rd period - Slapshot by Niklas Hansson.
3:49 of 3rd period - Deflect By Teemu Hartikainen.
3:49 of 3rd period - Stopped by Kaapo Kahkonen with a rebound.
3:55 of 3rd period - Wrist shot by Quinton Howden.
3:55 of 3rd period - Shot Misses the Net.
4:05 of 3rd period - Jeremy Lauzon is hit by Valentin Zykov and loses puck.
4:36 of 3rd period - Slapshot by Noah Hanifin.
4:36 of 3rd period - Shot Blocked by Viktor Baldayev.
5:39 of 3rd period - Penalty to Jordan Oesterle is over, Jordan Oesterle is back on ice.
5:49 of 3rd period - Denis Gurianov is hit by Niklas Hansson and loses puck.
6:16 of 3rd period - Noah Hanifin is hit by Nicklas Jensen and loses puck.
7:43 of 3rd period - Icing by Teemu Hartikainen.
7:44 of 3rd period - Mitchell Heard wins face-off versus Jayson Megna in Crunch zone.
7:57 of 3rd period - Slapshot by Elias Lindholm.
7:57 of 3rd period - Deflect By Tom Kuhnhackl.
7:57 of 3rd period - Shot Misses the Net.
7:57 of 3rd period - Puck is out of play.
7:58 of 3rd period - Quinton Howden wins face-off versus Dylan Strome in Crunch zone.
8:23 of 3rd period - Dalton Smith is hit by Tom Kuhnhackl and loses puck.
8:32 of 3rd period - Slapshot by Valentin Zykov.
8:32 of 3rd period - Stopped by Kaapo Kahkonen with a rebound.
8:57 of 3rd period - Minor Penalty to Hudson Fasching for Interference.
8:58 of 3rd period - Teemu Hartikainen wins face-off versus Quinton Howden in Thunderbirds zone.
10:15 of 3rd period - Anthony Cirelli is hit by Griffin Reinhart and loses puck.
10:24 of 3rd period - Kirill Kaprizov is hit by Jordan Oesterle and loses puck.
10:57 of 3rd period - Penalty to Hudson Fasching is over, Hudson Fasching is back on ice.
11:08 of 3rd period - Wrist shot by Kirill Kaprizov.
11:08 of 3rd period - Shot Blocked by Connor Bunnaman.
11:10 of 3rd period - Snap shot by Mitchell Heard.
11:10 of 3rd period - Stopped by Kaapo Kahkonen without a rebound.
11:11 of 3rd period - Tanner Laczynski wins face-off versus Dalton Smith in Crunch zone.
11:12 of 3rd period - Wrist shot by Nicklas Jensen.
11:12 of 3rd period - Stopped by Kaapo Kahkonen with a rebound.
11:22 of 3rd period - Snap shot by Tanner Laczynski.
11:22 of 3rd period - Shot Blocked by Charles-Olivier Roussel.
13:07 of 3rd period - Brock Boeser is hit by Kirill Kaprizov and loses puck.
13:12 of 3rd period - Slapshot by Quinton Howden.
13:12 of 3rd period - Shot Misses the Net.
13:28 of 3rd period - Wrist shot by Hudson Fasching.
13:28 of 3rd period - Stopped by Kaapo Kahkonen without a rebound.
13:29 of 3rd period - Jared Staal wins face-off versus Mitchell Heard in Crunch zone.
14:00 of 3rd period - Minor Penalty to Valentin Zykov for Holding.
14:01 of 3rd period - Jayson Megna wins face-off versus Quinton Howden in Thunderbirds zone.
14:02 of 3rd period - Slapshot by Teemu Hartikainen.
14:02 of 3rd period - Shot Blocked by John Draeger.
14:34 of 3rd period - Wrist shot by Dylan Strome.
14:34 of 3rd period - Stopped by Carter Hutton with a rebound.
14:36 of 3rd period - Wrist shot by Michael Ferland.
14:36 of 3rd period - Shot Misses the Net.
14:55 of 3rd period - Icing by Anthony Cirelli.
14:56 of 3rd period - Quinton Howden wins face-off versus Dylan Strome in Crunch zone.
15:29 of 3rd period - Slapshot by Roman Josi.
15:29 of 3rd period - Deflect By Michael Ferland.
15:29 of 3rd period - Stopped by Carter Hutton with a rebound.
16:00 of 3rd period - Penalty to Valentin Zykov is over, Valentin Zykov is back on ice.
17:19 of 3rd period - Snap shot by Jerry D'Amigo.
17:19 of 3rd period - Shot Misses the Net.
17:44 of 3rd period - Teemu Hartikainen is hit by Tanner Laczynski and loses puck.
18:17 of 3rd period - Snap shot by Denis Gurianov.
18:17 of 3rd period - Shot Misses the Net.
18:19 of 3rd period - Snap shot by Connor Bunnaman.
18:19 of 3rd period - Stopped by Carter Hutton without a rebound.
18:20 of 3rd period - Quinton Howden wins face-off versus Connor Bunnaman in Thunderbirds zone.
18:27 of 3rd period - Snap shot by Denis Gurianov.
18:27 of 3rd period - Shot Blocked by Niklas Hansson.
18:29 of 3rd period - Slapshot by Dalton Smith.
18:29 of 3rd period - Shot Misses the Net.
18:31 of 3rd period - Snap shot by Connor Bunnaman.
18:31 of 3rd period - Shot Misses the Net.
18:33 of 3rd period - Snap shot by Matt Roy.
18:33 of 3rd period - Shot Blocked by Niklas Hansson.
18:35 of 3rd period - Snap shot by Denis Gurianov.
18:35 of 3rd period - Shot Misses the Net.
18:37 of 3rd period - Snap shot by Noah Hanifin.
18:37 of 3rd period - Stopped by Carter Hutton with a rebound.
18:41 of 3rd period - Slapshot by Denis Gurianov.
18:41 of 3rd period - Shot Misses the Net.
18:51 of 3rd period - Wrist shot by Dalton Smith.
18:51 of 3rd period - Stopped by Carter Hutton with a rebound.
18:53 of 3rd period - Snap shot by Noah Hanifin.
18:53 of 3rd period - Deflect By Dalton Smith.
18:53 of 3rd period - Goal by Dalton Smith - Crunch : 5 - Thunderbirds : 4.
18:54 of 3rd period - Teemu Hartikainen wins face-off versus Jerry D'Amigo in neutral zone.
18:59 of 3rd period - Wrist shot by Jayson Megna.
18:59 of 3rd period - Shot Blocked by Niklas Hansson.
19:27 of 3rd period - Thunderbirds, Carter Hutton is pulled from the net.
19:27 of 3rd period - Snap shot by Jerry D'Amigo.
19:27 of 3rd period - Stopped by Kaapo Kahkonen with a rebound.
19:35 of 3rd period - Kirill Kaprizov is hit by Teemu Hartikainen and loses puck.
19:43 of 3rd period - Wrist shot by Jordan Oesterle.
19:43 of 3rd period - Goal by Jordan Oesterle - Crunch : 6 - Thunderbirds : 4.
19:43 of 3rd period - Carter Hutton from Thunderbirds was sent back in the game.
19:44 of 3rd period - Mitchell Heard wins face-off versus Connor Bunnaman in neutral zone.
19:52 of 3rd period - Off-side.
19:53 of 3rd period - Mitchell Heard wins face-off versus Connor Bunnaman in neutral zone.
Goals for this period are 2 for Crunch vs 0 for Thunderbirds.
Shots for this period are 13 for Crunch vs 9 for Thunderbirds.